cohdb
Replays
Latest Replays
All Replays
Popular Replays
Top Player Replays
Match Explorer
How It Works
Community
CoH3 Stats
Reddit
Sign in to upload your games and track your stats! →
Sign in with Steam
Match 19706668
Unlisted
Match 19706668
Overview
Messages
Build Orders
End
Kettenkrad Recon Vehicle
Selects Italian Coastal Battlegroup
Selects Coastal Reserves
Coastal Reserve
Coastal Reserve
Coastal Reserve
Coastal Reserve
Construct Infanterie Kompanie
Medical Station
Selects Support Bunkers
Selects Artillery Officer
Artillery Officer
Medical Bunker
Selects Designated Artillery Overwatch
Construct Panzergrenadier Kompanie
MG 42 Bunker
Construct Panzer Kompanie
Selects Coastal Wall
MG 42 Bunker
MG 42 Bunker
Designated Artillery Overwatch
Selects Bulwark
MG 42 Bunker
Panzer IV Medium Tank
Designated Artillery Overwatch
Repair Bunker
Coastal Reserve
Designated Artillery Overwatch
Repair Bunker
MG 42 Bunker
Designated Artillery Overwatch
Repair Bunker
Pak 40 Anti-tank Gun Team
MG 42 Machine Gun Team
MG 42 Bunker
Designated Artillery Overwatch
Medical Bunker
AI Takeover
Useful Blueberry
Don't lie to me Markatta
derank c[o]mpany
MonoChrome
0
0
Comments
sign in to comment!
No comments posted yet!